 Dungeon Crawl Stone Soup version 0.27-a0-1071-ga85bd9520d (webtiles) character file.

Game seed: 1008787453087200571

2924 jasper the Carver (level 9, -3/70 HPs)
             Began as a Demonspawn Delver on Apr 25, 2021.
             Was an Initiate of Trog.
             Blown up by Joseph (12 damage)
             ... with a mindburst bolt
             ... on level 7 of the Dungeon.
             The game lasted 00:21:47 (10188 turns).

jasper the Carver (Demonspawn Delver)              Turns: 10188, Time: 00:21:48

Health: -3/70      AC: 12    Str: 18    XL:     9   Next: 50%
Magic:  0/9        EV: 11    Int: 12    God:    Trog [......]
Gold:   224        SH:  0    Dex: 18    Spells: 8/8 levels left

rFire    . . .     SeeInvis .   G - +0 long sword (protect)
rCold    . . .     Faith    .   (no shield)
rNeg     . . .     Spirit   +   D - +0 scale mail "Fyuwewk" {rElec Will- rCorr Str+6}
rPois    .         Reflect  .   o - +1 helmet
rElec    +         Harm     .   (no cloak)
rCorr    +         Rampage  .   t - +0 pair of gloves
Will     .....                  v - +1 pair of boots
Stlth    ++........             E - amulet of guardian spirit
HPRegen  0.21/turn              e - ring of resist corrosion
MPRegen  0.11/turn              (no ring)

@: no status effects
A: talons 2, rugged brown scales 1, demonic guardian 1
a: Renounce Religion


You were on level 7 of the Dungeon.
You worshipped Trog.
Trog was noncommittal.
You visited 1 branch of the dungeon, and saw 8 of its levels.

You collected 336 gold pieces.
You spent 112 gold pieces at shops.

Inventory:

Hand Weapons
 a - a +0 falchion
 r - a +4 short sword
 u - a +1 long sword
 y - a +2 dagger of electrocution
 G - a +0 long sword of protection (weapon)
Missiles
 h - 160 stones
 i - 8 datura-tipped darts
 w - 15 poisoned darts
 z - 4 atropa-tipped darts
 F - 2 javelins
Armour
 b - a +0 leather armour
 n - a +0 pair of gloves
 o - a +1 helmet (worn)
 q - a +0 pair of boots
 s - a +0 ring mail
 t - a +0 pair of gloves (worn)
 v - a +1 pair of boots (worn)
 C - a +2 hat
 D - the +0 scale mail "Fyuwewk" (worn) {rElec Will- rCorr Str+6}
   (You found it on level 6 of the Dungeon)

   It affects your strength (+6).
   It insulates you from electricity.
   It protects you from acid and corrosion.
   It decreases your willpower.
 H - a +0 tower shield
Jewellery
 e - a ring of resist corrosion (left hand)
 j - a ring of magical power
 l - a ring of fire
 E - an amulet of guardian spirit (around neck)
Scrolls
 c - 2 scrolls of fog
 d - 3 scrolls of magic mapping
 f - a scroll of fear
 k - 2 scrolls of enchant weapon
 x - a scroll of enchant armour
 B - a scroll of identify
Potions
 m - 2 potions of resistance
 p - 2 potions of attraction
 J - a potion of might {unknown}


   Skills:
 - Level 5.0 Fighting
 * Level 11.1 Long Blades
 - Level 3.4 Dodging
 - Level 4.5 Stealth


You had 8 spell levels left.
You didn't know any spells.
Your spell library contained the following spells:

 Spells                   Type           Power      Damage    Failure   Level
 Corona                   Hex            0%         N/A       75%         1
 Ensorcelled Hibernation  Hex/Ice        0%         N/A       86%         2
 Confusing Touch          Hex            0%         N/A       98%         3
 Dazzling Flash           Conj/Hex       0%         N/A       98%         3
 Tukima's Dance           Hex            0%         N/A       98%         3


Dungeon Overview and Level Annotations

Branches:
Dungeon (8/15)             Temple (0/1) D:6
   Lair: D:8-11

Altars:
Hepliaklqana
Nemelex Xobeh
Sif Muna
Trog
The Shining One

Shops:
D:3 ([:[=

Annotations:
D:2 1 runed translucent door, Crazy Yiuf, Sigmund
D:7 Joseph


Innate Abilities, Weirdness & Mutations

You have razor-sharp toenails.
You are partially covered in rugged brown scales. (AC +1, +3% HP)
A weak demonic guardian rushes to your aid.


Message History

You hear some strange, mumbled words.
Something tries to affect you, but you resist.
You swap places.
Something hits your iron imp.
There is a stone staircase leading down here.
The centaur warrior zombie barely misses you. x2
Something hits your iron imp.
The centaur warrior zombie barely misses you.
The centaur warrior zombie kicks you but does no damage.
The centaur warrior zombie hits you but does no damage.
The centaur warrior zombie completely misses you.
Aiming: Dig
Press: ? - help, Shift-Dir - straight line A rock wall.
The rock shatters into small pieces.
The now-empty wand crumbles to dust.
The centaur warrior zombie hits you but does no damage.
The centaur warrior zombie kicks you.
* * * LOW HITPOINT WARNING * * *
A demonic guardian appears!
You take 1 damage, and have 4/70 hp.
You now have 1/9 mp.
The centaur warrior zombie hits you but does no damage.
The centaur warrior zombie kicks you but does no damage.
Your ufetubus hits the centaur warrior zombie. x2
There is a stone staircase leading up here.
The centaur warrior zombie hits you but does no damage.
The centaur warrior zombie kicks you but does no damage.
Your ufetubus hits the centaur warrior zombie. x2
The centaur warrior zombie misses your ufetubus.
The centaur warrior zombie closely misses your ufetubus.
You climb upwards.
Level annotation: Joseph Reactivating autopickup.
There is a stone staircase leading down here.
You start resting.
Joseph is nearby!
You regained 3 hp, and now have 9/70 hp.
You regained 2 mp, and now have 3/9 mp.
Joseph shouts!
Joseph zaps a wand.
Your mind is blasted!
You die...

#.############
#............#..
#.##########.#.# #.#
#.#.# #.# #.#.# #.#
#(#.# # #.# #(#.# ..
#.# #)#.##.# #.#
#.@....##.
#.###########>.......
#.............(....#.
#..##########.#..#.#
##..## #.#......
#....# #.####.##
###..## #.. K.@
#...########.# #.##
###............. ...


You could see Joseph and a kobold (wandering).

Vanquished Creatures
  Pikel (D:6)
  A water moccasin (D:6)
  2 orc warriors
  A sky beast (D:8)
  A black bear (D:6)
  3 necrophages (D:5)
  5 ice beasts
  An ogre (D:5)
  A kobold brigand (D:7)
  3 scorpions (D:5)
  A water moccasin skeleton (D:5)
  A howler monkey (D:5)
  A centaur zombie (D:8)
  A bullfrog zombie (D:5)
  A centaur skeleton (D:5)
  An orc priest (D:8)
  2 hounds (D:5)
  2 bullfrog skeletons
  A gnoll shaman (D:6)
  An iguana (D:5)
  5 orc wizards
  A hound skeleton (D:5)
  5 adders
  4 gnolls
  2 shadow imps (D:5)
  A white imp (D:6)
  An adder skeleton (D:4)
  A worm (D:4)
  5 dart slugs
  13 orcs
  11 ball pythons
  3 endoplasms
  2 giant cockroaches
  7 goblins
  9 hobgoblins
  3 jackals (D:5)
  6 quokkas
  5 bats
  7 frilled lizards
  14 kobolds
  8 rats
  A butterfly (D:6)
145 creatures vanquished.

Vanquished Creatures (collateral kills)
  An ogre (D:5)
  A centaur (D:4)
  A scorpion (D:5)
  Jessica (D:2)
  4 gnolls (D:5)
8 creatures vanquished.

Vanquished Creatures (others)
  A gnoll shaman (D:5)
1 creature vanquished.

Grand Total: 154 creatures vanquished

Notes
Turn   | Place    | Note
-------+----------+-------------------------------------------
     0 | D:5      | jasper the Demonspawn Delver began the quest for the Orb.
     0 | D:5      | Reached XP level 1. HP: 18/18 MP: 1/1
    63 | D:6      | Reached skill level 2 in Long Blades
    63 | D:6      | Gained mutation: You are partially covered in rugged brown
                  | scales. (AC +1, +3% HP) [demonic ancestry]
    63 | D:6      | Reached XP level 2. HP: 3/24 MP: 2/2
   358 | D:5      | Reached XP level 3. HP: 12/29 MP: 3/3
   748 | D:5      | Reached skill level 3 in Long Blades
   758 | D:5      | Gained mutation: You have sharp toenails. [demonic
                  | ancestry]
   758 | D:5      | Reached XP level 4. HP: 21/38 MP: 4/4
   906 | D:5      | Noticed an ogre
   921 | D:5      | Gained mutation: A weak demonic guardian rushes to your
                  | aid. [demonic ancestry]
   921 | D:5      | Reached XP level 5. HP: 19/43 MP: 5/5
   935 | D:5      | Killed an ogre
  1346 | D:3      | Found Zaem's Antique Armour Shop.
  1460 | D:2      | Noticed Sigmund
  1783 | D:1      | Reached skill level 4 in Long Blades
  3504 | D:2      | Noticed Jessica
  3519 | D:2      | Killed Jessica
  3520 | D:2      | Reached XP level 6. HP: 45/49 MP: 6/6
  3822 | D:2      | Found a runed translucent door.
  3823 | D:2      | Noticed Crazy Yiuf
  4478 | D:3      | Found Giumep's Jewellery Shoppe.
  4580 | D:3      | Found Danevviq's Antique Armour Shop.
  4610 | D:3      | Bought a pair of gloves for 112 gold pieces
  4625 | D:3      | Found Potaad's Book Shoppe.
  4696 | D:3      | Found a sparkling altar of Nemelex Xobeh.
  4736 | D:3      | Found a hazy altar of Hepliaklqana.
  4752 | D:3      | Found Mukiss's Weapon Shoppe.
  4827 | D:3      | Found a faded altar of an unknown god.
  6138 | D:5      | Noticed an ice beast
  6155 | D:5      | Killed an ice beast
  6156 | D:5      | Reached skill level 5 in Long Blades
  6156 | D:5      | Gained mutation: You have razor-sharp toenails. [demonic
                  | ancestry]
  6156 | D:5      | Reached XP level 7. HP: 56/56 MP: 7/7
  6281 | D:5      | Reached skill level 5 in Fighting
  6318 | D:5      | Reached skill level 6 in Long Blades
  6341 | D:5      | Reached skill level 7 in Long Blades
  6351 | D:5      | Reached XP level 8. HP: 29/63 MP: 8/8
  6763 | D:5      | Reached skill level 8 in Long Blades
  7563 | D:5      | Found a bloodstained altar of Trog.
  7588 | D:5      | Became a worshipper of Trog the Wrathful
  7594 | D:5      | Found a shimmering blue altar of Sif Muna.
  7881 | D:6      | Reached skill level 9 in Long Blades
  8337 | D:6      | Identified the +0 scale mail "Fyuwewk" {rElec Will- rCorr
                  | Str+6}
  8703 | D:6      | Found a staircase to the Ecumenical Temple.
  8819 | D:6      | Reached XP level 9. HP: 56/70 MP: 6/9
  8903 | D:6      | Reached skill level 10 in Long Blades
  9030 | D:7      | Noticed Pikel
  9030 | D:7      | Noticed Joseph
  9052 | D:6      | Killed Pikel
 10058 | D:8      | Reached skill level 11 in Long Blades
 10149 | D:8      | HP: 2/70 [something/puff of flame (9)]
 10188 | D:7      | Blown up by Joseph

Illustrated notes

Levels and vault maps discovered:
D:1:      heliophobic_arrival_battle_scene, layout_basic, minmay_octomino_c4
D:2:      layout_basic, uniq_sigmund, uniq_jessica, uniq_crazy_yiuf_cottage
D:3:      layout_rooms, lemuel_tele_altar, nemelex_diamond_rough_becter,
          shapermc_ecumenical_altar_mp_urbaneastern, serial_shops, shop_statue,
          shop, shop, shop, shop, st_stairs_11
D:4:      layout_basic, kennysheep_dice
D:5:      layout_basic, nzn_overflow_gifts_of_might_and_magic,
          minmay_joined_circles
D:6:      layout_basic, minmay_temple_entry_butterflies, enter_ossuary_2
D:7:      layout_basic, general_overflow_altar,
          lemuel_mausoleum_altar_yredelemnul, gammafunk_ghost_icy, uniq_pikel,
          uniq_joseph
D:8:      layout_basic, tso_altar, kennysheep_mini_moat

Skill      XL: |  1  2  3  4  5  6  7  8  9 |
---------------+----------------------------+-----
Long Blades    | 2 3 4 5 7 9 11 | 11.1
Dodging        | 2 3 |  3.4
Fighting       | 4 5 |  5.0
Stealth        | |  4.5

Action                   |  1- 3 |  4- 6 |  7- 9 || total
-------------------------+-------+-------+-------++-------
Melee: Falchion          |    17 |    93 |       ||   110
       Kick              |       |    23 |       ||    23
       Long sword        |       |   126 |   320 ||   446
Throw: Stone             |     4 |   197 |    21 ||   222
       Dart              |       |     8 |    35 ||    43
Evoke: Wand              |    14 |     8 |    25 ||    47
  Use: Potion            |     1 |     5 |     4 ||    10
       Scroll            |     1 |     7 |       ||     8
 Stab: Distracted        |       |     1 |       ||     1
Armor: Leather armour    |     2 |    48 |       ||    50
       Ring mail         |       |    47 |    70 ||   117
       Scale mail        |       |       |    95 ||    95
Dodge: Dodged            |    19 |   132 |   163 ||   314
       Rpst.: Falchion   |     5 |    10 |       ||    15
       Long sword        |       |    31 |    41 ||    72

Table legend: (Time is in decaauts)
 A = Elapsed time spent in this place.
 B = Non-inter-level travel time spent in this place.
 C = Inter-level travel time spent in this place.
 D = Time resting spent in this place.
 E = Time spent auto-exploring this place.
 F = Levels seen in this place.
 G = Mean time per level.
                   A        B        C        D        E       F      G
               +--------+--------+--------+--------+--------+-----+--------+
         Total |  10214 |  10019 |    195 |   2157 |   6150 |   8 | 1276.8 |
       Dungeon |  10214 |  10019 |    195 |   2157 |   6150 |   8 | 1276.8 |
               +--------+--------+--------+--------+--------+-----+--------+

Top non-repeatable levels by time:
     D:5: 2570 daAuts
     D:6: 2006 daAuts
     D:2: 1703 daAuts
     D:4: 1292 daAuts
     D:1: 1218 daAuts
     D:3: 935 daAuts
     D:8: 344 daAuts
     D:7: 142 daAuts
